 Dungeon Crawl Stone Soup version 0.26-a0-651-gb41185065b (webtiles) character file.

Game seed: 16197025752435470783

1037472 Ozzies the Conqueror (level 27, -17/273 HPs)
             Began as a Minotaur Fighter on Oct 13, 2020.
             Was the Champion of the Shining One.
             Killed from afar by a hellion (21 damage)
             ... with damnation
             ... in Pandemonium.
             The game lasted 03:47:28 (94394 turns).

Ozzies the Conqueror (Minotaur Fighter)            Turns: 94394, Time: 03:47:28

Health: -17/273    AC: 53    Str: 39    XL:     27
Magic:  13/38      EV: 21    Int:  9    God:    the Shining One [******]
Gold:   15804      SH: 35    Dex: 13    Spells: 26/26 levels left

rFire    + + +     SeeInvis .   q - +9 broad axe (holy)
rCold    + + +     Faith    .   v - +0 tower shield
rNeg     + + +     Spirit   .   Z - +12 gold dragon scales
rPois    +         Reflect  +   M - +2 hat {MR+}
rElec    +         Harm     .   u - +4 dragonskin cloak
rCorr    +         Rampage  .   J - +0 pair of fencer's gloves {Riposte Dex+3}
MR       +++++                  g - +2 pair of boots
Stlth    ..........             W - amulet of the Curious Blessings {Reflect rElec MR- Str+5 SH+5 Stlth+}
HPRegen  0.55/turn              f - ring of Tender Moments {*Contam rPois MR+++ rCorr Int+4}
MPRegen  0.26/turn              b - ring "Kimauc" {rPois rF+ rC+ MR+ Stlth+}

@: glowing, studying Throwing
A: retaliatory headbutt, fangs 1, horns 2, mutation resistance 1, subdued magic
1
}: 9/15 runes: decaying, serpentine, slimy, silver, iron, obsidian, icy, bone,
abyssal
a: Divine Shield, Cleansing Flame, Summon Divine Warrior, Renounce Religion


You were in Pandemonium.
You worshipped the Shining One.
The Shining One was exalted by your worship.
You visited 18 branches of the dungeon, and saw 87 of its levels.
You visited Pandemonium 1 time, and saw 2 of its levels.
You visited the Abyss 2 times.
You visited 1 ziggurat, and saw 11 of its levels.
You also visited: Sewer, Bailey and Ice Cave.

You collected 18036 gold pieces.
You spent 2232 gold pieces at shops.

Inventory:

Hand Weapons
 e - a +5 broad axe of flaming
 q - a +9 broad axe of holy wrath (weapon)
 L - a +9 broad axe of freezing
Missiles
 Y - 4 silver javelins (quivered)
Armour
 g - a +2 pair of boots (worn)
 j - a +2 pair of gloves of archery
 u - the +4 dragonskin cloak (worn)
   (You took it off Tiamat on level 2 of the Realm of Zot)
 v - a +0 tower shield (worn)
 E - a scarf of resistance
 J - the +0 pair of fencer's gloves (worn) {Riposte Dex+3}
   (You acquired it on level 3 of the Vaults)

   It affects your dexterity (+3).
 M - a +2 hat of magic resistance (worn)
 Z - +12 gold dragon scales (worn)
Jewellery
 b - the ring "Kimauc" (right hand) {rPois rF+ rC+ MR+ Stlth+}
   (You took it off a spriggan berserker on level 2 of the Depths)

   [ring of stealth]

   It protects you from fire.
   It protects you from cold.
   It protects you from poison.
   It affects your resistance to hostile enchantments.
   It makes you more stealthy.
 f - the ring of Tender Moments (left hand) {*Contam rPois MR+++ rCorr Int+4}
   (You found it in an ice cave)

   [ring of resist corrosion]

   It affects your intelligence (+4).
   It protects you from poison.
   It affects your resistance to hostile enchantments.
   It causes magical contamination when unequipped.
   It provides partial protection from all sources of acid and corrosion.
 B - an uncursed ring of flight
 K - the ring "Ymac" {+Inv rElec MR+ Str+7 Dex-4}
   (You found it on level 4 of the Swamp)

   [ring of protection from magic]

   It affects your strength (+7).
   It affects your dexterity (-4).
   It insulates you from electricity.
   It affects your resistance to hostile enchantments.
   It lets you turn invisible.
 P - the amulet "Uxzir" {rPois Regen+ SInv}
   (You took it off a deep elf mage on level 3 of the Elven Halls)

   [amulet of regeneration]

   It protects you from poison.
   It lets you see invisible.
   It increases your rate of regeneration.
 T - the amulet of Wonder {Spirit +Inv rElec rPois Str-5}
   (You found it on level 7 of a ziggurat)

   [amulet of guardian spirit]

   It causes incoming damage to be split between your health and magic.
   It affects your strength (-5).
   It insulates you from electricity.
   It protects you from poison.
   It lets you turn invisible.
 V - the ring of Kal Jeen {rF+ Str+4 Stlth+}
   (You took it off a deep elf annihilator on level 3 of the Elven Halls)

   [ring of stealth]

   It affects your strength (+4).
   It protects you from fire.
   It makes you more stealthy.
 W - the amulet of the Curious Blessings (around neck) {Reflect rElec MR- Str+5 SH+5 Stlth+}
   (You found it on level 3 of the Crypt)

   [amulet of reflection]

   It shields you and reflects attacks.
   It affects your strength (+5).
   It insulates you from electricity.
   It affects your resistance to hostile enchantments.
   It affects your SH (+5).
   It makes you more stealthy.
Wands
 y - a wand of acid (56)
 A - a wand of digging (19)
 G - a wand of paralysis (5)
Scrolls
 a - 4 scrolls of holy word
 c - 2 scrolls of enchant armour
 k - 3 scrolls of fog {!r}
 l - 4 scrolls of silence
 m - 9 scrolls of blinking {@r4}
 n - 32 scrolls of teleportation {@r3 !r}
 p - 31 scrolls of remove curse {@r2}
 r - 19 scrolls of identify {@r1}
 s - 6 scrolls of fear {!r}
 N - 3 scrolls of summoning
 R - 9 scrolls of magic mapping {@r5 !r}
Potions
 d - 8 potions of might {@q3 !q}
 h - 31 potions of curing {@q1 !q}
 i - 8 potions of haste {@q4 !q}
 t - 9 potions of flight
 w - 2 potions of resistance
 z - 6 potions of ambrosia
 C - 12 potions of lignification {@q6}
 F - 11 potions of mutation
 Q - 10 potions of heal wounds {@q2 !q}
 S - a potion of cancellation
 U - 4 potions of berserk rage
Books
 H - a manual of Throwing
Miscellaneous
 x - a phantom mirror
 X - a box of beasts (3/3)


   Skills:
 O Level 27 Fighting
 O Level 27 Axes
 O Level 27 Armour
 + Level 23.8 Dodging
 O Level 27 Shields
 - Level 7.0 Unarmed Combat
 * Level 25.7 Invocations
 - Level 10.0 Evocations


You had 26 spell levels left.
You didn't know any spells.
Your spell library contained the following spells:

 Spells                   Type           Power        Failure   Level
 Animate Skeleton         Necr           #.....       80%         1
 Apportation              Tloc           #.....       80%         1
 Beastly Appendage        Tmut           #.....       80%         1
 Corona                   Hex            #......      80%         1
 Foxfire                  Conj/Fire      #...         80%         1
 Freeze                   Ice            #...         80%         1
 Magic Dart               Conj           #...         80%         1
 Sandblast                Erth           #.....       80%         1
 Shock                    Conj/Air       #...         80%         1
 Sting                    Tmut/Pois      #...         80%         1
 Summon Small Mammal      Summ           #...         80%         1
 Blink                    Tloc           N/A          90%         2
 Call Imp                 Summ           #.......     90%         2
 Corpse Rot               Necr/Air       N/A          90%         2
 Ensorcelled Hibernation  Hex/Ice        #.....       90%         2
 Passwall                 Tmut/Erth      #.......     90%         2
 Poisonous Vapours        Pois/Air       #.....       90%         2
 Searing Ray              Conj           #.....       90%         2
 Slow                     Hex            #.......     90%         2
 Sublimation of Blood     Necr           #.........   90%         2
 Swiftness                Air            #.......     90%         2
 Wereblood                Tmut           #.......     90%         2
 Call Canine Familiar     Summ           #.......     99%         3
 Confusing Touch          Hex            #.......     99%         3
 Conjure Flame            Conj/Fire      #.......     99%         3
 Dazzling Flash           Conj/Hex       #.....       99%         3
 Frozen Ramparts          Ice            #.....       99%         3
 Gell's Gravitas          Tloc           #.........   99%         3
 Ignite Poison            Fire/Tmut/Pois #.......     99%         3
 Inner Flame              Hex/Fire       #.......     99%         3
 Lesser Beckoning         Tloc           #.........   99%         3
 Mephitic Cloud           Conj/Pois/Air  #.......     99%         3
 Ozocubu's Armour         Ice            #.......     99%         3
 Portal Projectile        Hex/Tloc       #.....       99%         3
 Spider Form              Tmut/Pois      #.........   99%         3
 Static Discharge         Conj/Air       #.......     99%         3
 Stone Arrow              Conj/Erth      #.....       99%         3
 Summon Guardian Golem    Hex/Summ       #.......     99%         3
 Teleport Other           Tloc           #.......     99%         3
 Tukima's Dance           Hex            #.......     99%         3
 Vampiric Draining        Necr           #.........   99%         3
 Airstrike                Air            #.........   100%        4
 Animate Dead             Necr           #.........   100%        4
 Cause Fear               Hex            #.........   100%        4
 Dispel Undead            Necr           #.......     100%        4
 Fulminant Prism          Conj/Hex       #.........   100%        4
 Hailstorm                Conj/Ice       #.......     100%        4
 Ice Form                 Ice/Tmut       #.......     100%        4
 Iskenderun's Mystic Bla  Conj/Tloc      #.......     100%        4
 Leda's Liquefaction      Hex/Erth       #.........   100%        4
 Olgreb's Toxic Radiance  Pois           #.......     100%        4
 Passage of Golubria      Tloc           N/A          100%        4
 Petrify                  Tmut/Erth      #.......     100%        4
 Sticky Flame             Conj/Fire      #.......     100%        4
 Summon Ice Beast         Ice/Summ       #.......     100%        4
 Summon Lightning Spire   Summ/Air       #.......     100%        4
 Agony                    Necr           #.......     100%        5
 Alistair's Intoxication  Tmut/Pois      #........    100%        5
 Blade Hands              Tmut           #.........   100%        5
 Bolt of Magma            Conj/Fire/Erth #.........   100%        5
 Borgnjor's Vile Clutch   Necr/Erth      #.........   100%        5
 Excruciating Wounds      Necr           #.........   100%        5
 Fireball                 Conj/Fire      #.........   100%        5
 Irradiate                Conj/Tmut      #.........   100%        5
 Iskenderun's Battlesphe  Conj           #.......     100%        5
 Lee's Rapid Deconstruct  Erth           #.........   100%        5
 Lightning Bolt           Conj/Air       #.........   100%        5
 Metabolic Englaciation   Hex/Ice        #.........   100%        5
 Silence                  Hex/Air        #.........   100%        5
 Summon Demon             Summ           #.........   100%        5
 Summon Forest            Summ/Tloc      #.........   100%        5
 Summon Mana Viper        Hex/Summ       #.......     100%        5
 Yara's Violent Unravell  Hex/Tmut       #.........   100%        5
 Conjure Ball Lightning   Conj/Air       #.........   100%        6
 Death Channel            Necr           #.........   100%        6
 Eringya's Noxious Bog    Tmut/Pois      #.........   100%        6
 Hydra Form               Tmut           #.........   100%        6
 Invisibility             Hex            #.......     100%        6
 Iron Shot                Conj/Erth      #.........   100%        6
 Ozocubu's Refrigeration  Ice            #.........   100%        6
 Shadow Creatures         Summ           N/A          100%        6
 Simulacrum               Ice/Necr       #.........   100%        6
 Statue Form              Tmut/Erth      #........    100%        6
 Dragon Form              Tmut           #.........   100%        7
 Haunt                    Necr/Summ      #.........   100%        7
 Malign Gateway           Summ/Tloc      #.........   100%        7
 Monstrous Menagerie      Summ           #.........   100%        7
 Orb of Destruction       Conj           #.........   100%        7
 Spellforged Servitor     Conj/Summ      #.........   100%        7
 Summon Greater Demon     Summ           #.........   100%        7
 Summon Hydra             Summ           #.........   100%        7
 Borgnjor's Revivificati  Necr           #.........   100%        8
 Chain Lightning          Conj/Air       #.........   100%        8
 Discord                  Hex            #.........   100%        8
 Infestation              Necr           #.........   100%        8
 Lehudib's Crystal Spear  Conj/Erth      #.........   100%        8
 Necromutation            Tmut/Necr      #.........   100%        8
 Summon Horrible Things   Summ           #.........   100%        8
 Absolute Zero            Ice            #.........   100%        9
 Death's Door             Necr           #.........   100%        9
 Dragon's Call            Summ           #.........   100%        9
 Fire Storm               Conj/Fire      #.........   100%        9
 Shatter                  Erth           #.........   100%        9
 Tornado                  Air            #.........   100%        9


Dungeon Overview and Level Annotations

Branches:
Dungeon (15/15)            Temple (1/1) D:4            Lair (6/6) D:11
  Swamp (4/4) Lair:4        Snake (4/4) Lair:2        Slime (5/5) Lair:6
    Orc (2/2) D:11            Elf (3/3) Orc:2        Vaults (5/5) D:14
  Crypt (3/3) Vaults:3       Tomb (1/3) Crypt:3      Depths (5/5) D:15
   Hell (visited)             Dis (7/7) Hell            Geh (7/7) Hell
    Coc (7/7) Hell            Tar (7/7) Hell            Zot (4/5) Depths:5
  Sewer (visited)          Bailey (visited)           IceCv (visited)

Altars:
Ashenzari
Cheibriados
Dithmenos
Elyvilon
Fedhas
Gozag
Hepliaklqana
Kikubaaqudgha
Makhleb
Nemelex Xobeh
Okawaru
Qazlal
Ru
Sif Muna
Trog
Uskayaw
Vehumet
Wu Jian
Xom
Yredelemnul
Zin
The Shining One
Beogh

Shops:
D:6 }(*   D:9 *   D:10 }}:[*   D:12 =   D:14 [   Orc:2 *[[(   Elf:1 ?
Snake:3 =::!   Vaults:3 :   Depths:5 :

Portals:
Hell: Depths:1 Depths:2 Depths:3 Depths:4 Depths:5
Abyss: Depths:2 Depths:4
Pandemonium: Depths:1 Depths:3
Trove: Vaults:2 (give +6 demon blade)

Annotations:
D:4 2 transporters
Depths:2 exclusion: downstairs


Innate Abilities, Weirdness & Mutations

You reflexively headbutt those who attack you in melee.
You have a pair of horns on your head.
You have very sharp teeth.
You are somewhat resistant to further mutation.
Your spells are a little easier to cast, but a little less powerful.


Message History

The sphere of damnation explodes!
The damnation engulfs you!!
* * * LOW HITPOINT WARNING * * *
The hellion gestures at you.
The sphere of damnation explodes!
The damnation engulfs you!
* * * LOW HITPOINT WARNING * * *
Remove which piece of jewellery? (? for menu, Esc to quit)
Okay, then.
Okay, then.
Really read
k - 5 scrolls of fog {!r}?
As you read the scroll of fog {!r}, it crumbles to dust.
The scroll dissolves into smoke.
Really quaff
Q - 11 potions of heal wounds {@q2 !q}?
You feel much better.
You are momentarily dazzled by a brilliant light.
The golden flame engulfs you but does no damage.
You resist.
The golden flame engulfs Hokot!!!
Hokot writhes in agony!
Hokot is heavily wounded.
The golden flame engulfs your angel.
Your angel completely resists.
You hear a shout!
You hear a chilling moan.
You hear a roar!
Your angel hits Hokot but does no damage.
Your angel hits Hokot with a +2 whip of holy wrath!
Hokot convulses.
You block Hokot's attack.
The golden flame engulfs you but does no damage.
You resist.
The golden flame engulfs Hokot but does no damage.
Hokot is heavily wounded.
The golden flame engulfs your angel.
Your angel completely resists.
You hear a chilling moan. x2
Your angel hits Hokot but does no damage.
Your angel hits Hokot with a +2 whip of holy wrath.
Hokot convulses.
Hokot headbutts your angel!!!
Your angel hits Hokot with a +2 whip of holy wrath!
Hokot convulses.
Your angel hits Hokot but does no damage.
The golden flame engulfs you but does no damage.
You resist.
The golden flame engulfs Hokot!
Hokot writhes in agony!
Hokot is severely wounded.
The golden flame engulfs your angel.
Your angel completely resists.
Your angel is moderately wounded.
Your angel barely misses Hokot.
Your angel hits Hokot with a +2 whip of holy wrath.
Hokot convulses.
Hokot gestures.
Send 'em back where they came from!
The Shining One protects your fellow warrior from evil magic!
The golden flame engulfs you but does no damage.
You resist.
The golden flame engulfs Hokot!
Hokot writhes in agony!
Hokot is severely wounded.
The golden flame engulfs your angel.
Your angel completely resists.
Your angel is moderately wounded.
You hear a roar!
Your angel hits Hokot with a +2 whip of holy wrath.
Hokot convulses.
Your angel hits Hokot but does no damage.
Hokot misses you. You furiously retaliate!
You headbutt Hokot, but do no damage.
You riposte.
You slash Hokot!
Hokot convulses!
You headbutt Hokot!
You kill Hokot!
The Shining One accepts your kill.
You feel better.
You feel your power returning.
An Executioner comes into view.
A fire bat comes into view.
The Executioner gestures.
The Executioner seems to speed up.
The fire bat moves out of view.
You block the fire bat's attack. The hellion gestures at you.
The sphere of damnation explodes!
The damnation engulfs you!!
* * * LOW HITPOINT WARNING * * *
The damnation engulfs your angel!!
The Executioner hits your angel but does no damage. x3
The hellephant breathes flames at you. The blast of flame misses you.
The hellion gestures at you.
The sphere of damnation explodes!
The damnation engulfs you!!
* * * LOW HITPOINT WARNING * * *
The damnation engulfs your angel!! The hellion gestures at you.
The sphere of damnation explodes!
The damnation engulfs you!!!
* * * LOW HITPOINT WARNING * * *
The damnation engulfs your angel!!
Your angel dies!
You hear a hideous shriek!
You hear a trumpeting!
Okay, then.
Okay, then.
Really read
k - 4 scrolls of fog {!r}?
As you read the scroll of fog {!r}, it crumbles to dust.
The scroll dissolves into smoke.
The fire bat completely misses you. You block the Executioner's attack.
The Executioner misses you. The Executioner closely misses you.
The hellion gestures at you.
The sphere of damnation explodes!
The damnation engulfs you!
* * * LOW HITPOINT WARNING * * *
The damnation engulfs the fire bat!
The damnation engulfs the Executioner!!
The hellion gestures at you.
The sphere of damnation explodes!
The damnation engulfs you!!
You die...

#### ##§..##
###§§...##
#§§§......#
###§§1§......
##..§@§§≈≈...§
#...§b§≈≈≈≈≈≈
#§§§§≈§≈§§≈§≈≈≈
#..§§§≈&≈≈Y§≈≈≈§
#..§≈§§§≈2222≈§
#§§§≈≈≈≈22222≈§
##≈≈≈≈..222}}..
#≈≈§≈.2|:§...§
.≈≈≈≈≈≈.....


You could see an Executioner (fast, unaware), 9 hellions and a fire bat.

Vanquished Creatures
  Antaeus (Coc:7)
  the Royal Jelly (Slime:5)
  Asmodeus (Geh:7)
  Ereshkigal (Tar:7)
  Tiamat (Zot:2)
  Dispater (Dis:7)
  2 orbs of fire
  A juggernaut (Zig:8)
  3 ancient liches
  2 greater mummies (Tomb:1)
  Sojobo (Vaults:3)
  10 shard shrikes
  Boris (thrice) (Crypt:2 Tomb:1 Depths:1)
  2 Killer Klowns
  Frederick (Depths:4)
  Bai Suzhen (Swamp:3)
  A caustic shrike (Zig:11)
  8 golden dragons
  Nikola (Swamp:2)
  Geryon (Hell)
  8 bone dragons
  2 pandemonium lords
  7 doom hounds
  9 Brimstone Fiends
  4 electric golems
  2 hellephants
  22 Tzitzimimeh
  8 iron giants
  19 tentacled monstrosities
  14 Ice Fiends
  11 liches
  Jorgrun (Snake:1)
  9 Hell Sentinels
  6 deep elf blademasters
  4 deep elf master archers
  11 quicksilver dragons
  20 acid blobs
  3 Executioners
  20 titans
  2 tentacled starspawn
  12 sphinxes
  The ghost of Efeterghoju the Thaumaturge, an adept GnCj of Okawaru (Snake:1)
  17 ancient champions
  Kirke (D:13)
  7 death cobs
  25 shadow dragons
  A thorn hunter (Zig:10)
  8 tengu reavers
  8 storm dragons
  Donald (Orc:2)
  A revenant (Crypt:3)
  8 azure jellies
  8 nagarajas
  14 draconian monks
  2 deep elf sorcerers (Elf:3)
  38 fire giants
  2 orc warlords (Zig:8)
  15 vault wardens
  8 draconian knights
  7 iron dragons
  5 draconian scorchers
  22 frost giants
  2 deep elf elementalists
  10 balrugs
  Louise (Swamp:2)
  2 cacodemons
  2 curse skulls
  11 draconian shifters
  21 very ugly things
  A draconian stormcaller (Zot:4)
  49 reapers
  6 elemental wellsprings
  5 ghouls
  29 war gargoyles
  14 ironheart preservers
  5 draconian annihilators
  3 spriggan defenders (Depths:2)
  32 stone giants
  12 vampire knights
  An entropy weaver (Vaults:4)
  10 bennus (Tomb:1)
  14 black draconians
  4 deep elf demonologists
  20 white draconians
  2 lorocyprocas (Hell)
  The ghost of donkeybrains the Basher, a journeyman DsFi of Nemelex Xobeh (Orc:2)
  8 deep elf annihilators
  11 yellow draconians
  A dire elephant (Zig:11)
  17 green draconians
  3 spark wasps
  3 eidola
  13 red draconians
  20 purple draconians
  6 blizzard demons
  A merfolk javelineer (Orc:2)
  18 ettins
  7 mummy priests (Tomb:1)
  11 deep elf death magi
  4 quicksilver dragon zombies
  12 fire dragons
  2 jiangshi (Crypt:2)
  4 deep elf high priests
  26 ice dragons
  15 great orbs of eyes
  Fannar (D:12)
  31 vault guards
  6 kraken zombies
  10 ogre magi
  21 yaktaur captains
  5 death oozes (Slime:5)
  3 quicksilver dragon skeletons
  15 naga warriors
  A hell beast (Hell)
  4 rakshasas
  20 hydras
  11 ghost crabs
  3 spriggan air magi
  4 death knights
  5 shambling mangroves
  13 centaur warriors
  18 anacondas
  Erica (D:11)
  21 two-headed ogres
  29 dancing weapons
  14 alligators
  18 hell hogs
  13 deep troll earth magi
  12 vampire magi
  11 deep troll shamans
  7 tengu warriors
  5 thrashing horrors
  6 shock serpents
  9 spriggan berserkers
  7 titan zombies
  11 naga sharpshooters
  10 soul eaters
  Nergalle (Lair:4)
  20 iron golems
  An orc high priest (Zig:8)
  Urug (D:13)
  3 storm dragon zombies
  45 hell knights
  A spectral storm dragon (Coc:4)
  A sixfirhy (Pan)
  A fire crab (Abyss:4)
  A spatial maelstrom (Abyss:2)
  9 sun demons
  6 titan skeletons
  30 deep elf knights
  9 salamander mystics
  11 shadow wraiths
  6 wretched stars
  2 storm dragon skeletons
  131 skeletal warriors
  9 anaconda zombies
  12 iron trolls
  A ghost moth zombie (Coc:5)
  6 spriggan druids
  4 death drakes
  5 golden dragon zombies
  5 flayed ghosts
  2 swamp dragons (shapeshifter)
  18 ironbrand convokers
  6 naga ritualists
  3 unseen horrors
  A torturous demonspawn (Depths:3)
  14 swamp dragons
  An unseen horror (shapeshifter) (Elf:3)
  24 deep trolls
  20 phantasmal warriors
  8 anaconda skeletons
  3 wizards
  6 glowing orange brains
  13 shadow demons
  17 orc knights
  3 shadow dragon zombies
  2 infernal demonspawn (Depths:3)
  A kraken simulacrum (Hell)
  3 orange crystal statues (Zig:10)
  5 golden dragon skeletons
  8 harpies
  18 deep elf archers
  A harpy (shapeshifter) (Vaults:4)
  A tengu zombie (Vaults:5)
  A sphinx zombie (Zig:7)
  14 necromancers
  5 wolf spider zombies
  5 mana vipers
  10 lindwurms
  An orb spider (shapeshifter) (D:13)
  2 fire giant zombies
  A tengu skeleton (Zig:6)
  10 starcursed masses (Abyss:2)
  69 deep elf magi
  A shining eye (Slime:2)
  4 shadow dragon skeletons
  3 orc sorcerers
  4 oklob plants (Lair:5)
  8 iron dragon zombies
  31 ugly things
  9 salamanders
  8 wolf spiders
  24 moths of wrath
  6 cyclopes
  A moth of wrath (shapeshifter) (Elf:3)
  4 stone giant zombies
  5 stone giant skeletons
  7 frost giant zombies
  3 frost giant skeletons
  27 rust devils
  3 shock serpent zombies
  2 iron dragon skeletons
  40 black mambas
  5 dire elephant zombies
  A manticore (D:15)
  5 apocalypse crabs
  6 ice statues
  24 naga magi
  3 molten gargoyles
  2 smoke demons
  11 fire giant skeletons
  9 guardian serpents
  8 elephants
  5 emperor scorpion zombies
  An orange demon (Pan)
  An eye of devastation (Slime:5)
  7 gargoyles
  27 cane toads
  15 vault sentinels
  A storm dragon simulacrum (Vaults:5)
  3 dire elephant skeletons
  3 torpor snails (Zig:11)
  4 shock serpent skeletons
  3 centaur skeletons
  24 hellions
  A minotaur zombie (Coc:5)
  2 demonic crawlers
  13 efreet
  26 ice devils
  29 tormentors
  42 freezing wraiths
  2 anaconda simulacra
  8 komodo dragons
  6 ancient zymes
  63 yaktaurs
  A grey draconian skeleton (Crypt:1)
  20 red devils
  12 guardian mummies
  A jumping spider (Vaults:5)
  A catoblepas skeleton (Coc:5)
  8 tyrant leeches
  2 polar bears (Lair:5)
  A meliai (shapeshifter) (Vaults:4)
  13 alligator zombies
  A queen bee (shapeshifter) (Vaults:4)
  4 tengu conjurers
  8 trolls
  2 harpy zombies
  4 silent spectres
  12 hydra zombies
  7 ettin zombies
  22 hornets
  A jumping spider zombie (Crypt:1)
  3 harpy skeletons
  2 wind drakes (Depths:5)
  5 ice dragon zombies
  A hippogriff (shapeshifter) (D:14)
  7 hydra skeletons
  A shadow dragon simulacrum (Coc:6)
  54 slime creatures
  12 bog bodies
  2 blink frogs (shapeshifter)
  3 spriggan zombies
  26 blink frogs
  7 raiju
  92 flying skulls
  7 fire dragon zombies
  2 dream sheep (Zig:11)
  A stone giant simulacrum (Tomb:1)
  5 alligator skeletons
  3 black mamba zombies
  5 hippogriffs
  Sigmund (D:2)
  A redback (shapeshifter) (Vaults:2)
  13 large abominations
  7 redbacks
  A spriggan (shapeshifter) (Vaults:3)
  13 water elementals
  3 air elementals (Zig:9)
  A tarantella (shapeshifter) (Vaults:2)
  4 ettin skeletons
  6 ice dragon skeletons
  8 fire dragon skeletons
  5 spriggans
  6 hogs (D:13)
  35 wraiths
  13 wyverns
  2 ynoxinuls (Abyss:2)
  31 shadows
  6 ushabtiu
  A dire elephant simulacrum (Coc:6)
  8 golden eyes (Slime:5)
  5 black mamba skeletons
  36 yaks
  28 fire elementals
  3 neqoxecs
  6 human simulacra
  A golden eye (shapeshifter) (Depths:4)
  2 basilisks
  A steam dragon (D:9)
  A fire bat (Pan)
  15 vampire mosquitoes
  15 small abominations
  2 spatial vortices (Abyss:2)
  6 wargs
  33 nagas
  9 insubstantial wisps
  Menkaure (D:5)
  15 swamp worms
  10 cane toad zombies
  A swamp worm (shapeshifter) (Depths:4)
  5 acid dragons
  A soldier ant (D:14)
  A deep troll zombie (Crypt:2)
  2 hydra simulacra
  34 water moccasins
  A floating eye (Depths:2)
  40 hell hounds
  15 swamp drakes
  59 orc warriors
  7 porcupines
  4 black bears
  15 ice beasts
  2 manticore zombies
  7 cane toad skeletons
  A merfolk skeleton (Tar:7)
  A dream sheep zombie (Crypt:1)
  3 sky beasts
  5 snapping turtle zombies
  A fire dragon simulacrum (Coc:2)
  27 necrophages
  3 alligator simulacra
  An ice dragon simulacrum (Coc:6)
  25 ogres
  9 eyes of draining
  8 phantoms
  9 boggarts
  A manticore skeleton (Coc:7)
  2 swamp dragon skeletons
  41 centaurs
  2 snapping turtle skeletons
  7 wolves
  13 crocodiles
  5 big kobolds
  A draconian zombie (Crypt:2)
  A komodo dragon zombie (Crypt:2)
  2 salamander skeletons
  17 bullfrogs
  A water moccasin zombie (D:8)
  5 earth elementals
  A yak zombie (Crypt:1)
  2 scorpions
  6 killer bees (D:12)
  2 howler monkeys
  3 vampire bats (Lair:5)
  66 wights
  2 electric eels (Lair:4)
  10 crimson imps
  A bullfrog zombie (D:12)
  3 centaur zombies
  13 jellies
  14 orc priests
  9 hounds
  3 quasits
  3 bullfrog skeletons
  3 iguanas
  20 iron imps
  20 orc wizards
  5 human skeletons
  5 human zombies
  7 worker ants
  A merfolk siren (Sewer)
  A merfolk avatar (Sewer)
  An acid dragon zombie (Crypt:1)
  A hound skeleton (D:11)
  31 mummies
  3 howler monkey skeletons
  4 worker ant zombies
  22 adders
  18 gnolls
  3 river rats
  A steam dragon zombie (Crypt:2)
  14 shadow imps
  19 white imps
  4 ufetubi
  2 oozes
  An adder zombie (D:9)
  An adder skeleton (D:6)
  4 worms
  2 dart slugs
  7 leopard geckos
  118 orcs
  3 ball pythons
  15 bats
  7 giant cockroaches
  9 goblins
  17 hobgoblins
  19 jackals
  37 kobolds
  2 quokkas
  11 frilled lizards
  A goblin skeleton (Crypt:1)
  2 leopard gecko skeletons
  An orc zombie (Dis:7)
  2 quokka skeletons
  27 rats
  2 crawling corpses (Hell)
  A lurking horror (Abyss:2)
  3 starspawn tentacles (Abyss:2)
  16 tentacles
4115 creatures vanquished.

Vanquished Creatures (collateral kills)
  An Ice Fiend (Coc:7)
  2 shadow dragons (Tar:7)
  A frost giant (Tar:7)
  A fire giant (Tar:7)
  3 reapers (Tar:7)
  A blizzard demon (Coc:7)
  A kraken zombie (Coc:7)
  An ice dragon (Coc:7)
  3 skeletal warriors (Coc:7)
  A shadow demon (Tar:7)
  A shadow dragon zombie (Coc:7)
  A stone giant skeleton (Coc:7)
  An iron dragon skeleton (Coc:7)
  A freezing wraith (Coc:7)
  5 ice devils (Coc:7)
  A silent spectre (Tar:7)
  2 bog bodies (Coc:7)
  2 tentacles (Coc:7)
29 creatures vanquished.

Vanquished Creatures (others)
  A fire giant (Geh:7)
  An elemental wellspring (Coc:7)
  A hydra (Lair:6)
  2 hell hogs
  2 lindwurms
  2 deep elf magi
  A naga mage (Snake:4)
  A tyrant leech (Swamp:2)
  A water elemental (Hell)
  A water moccasin (Lair:4)
  2 hell hounds (Geh:4)
  A boggart (Vaults:1)
  An ogre (Vaults:2)
  3 wights (Dis:1)
  A kobold zombie (Dis:1)
  6 briar patches (Zig:10)
  20 fungi
  53 plants
  A starspawn tentacle (Abyss:2)
  39 tentacles
  5 withered plants (Crypt:3)
145 creatures vanquished.

Grand Total: 4289 creatures vanquished

Notes
Turn   | Place    | Note
-------+----------+-------------------------------------------
     0 | D:1      | Ozzies the Minotaur Fighter began the quest for the Orb.
     0 | D:1      | Reached XP level 1. HP: 19/19 MP: 0/0
   209 | D:1      | Reached XP level 2. HP: 28/28 MP: 1/1
   666 | D:1      | Reached skill level 5 in Fighting
  1106 | D:2      | Reached XP level 3. HP: 36/36 MP: 2/2
  1208 | D:2      | Found a bloodstained altar of Trog.
  1266 | D:2      | Reached XP level 4. HP: 26/44 MP: 3/3
  1506 | D:2      | Found a blossoming altar of Fedhas.
  1686 | D:2      | Noticed Sigmund
  1696 | D:2      | Killed Sigmund
  1696 | D:2      | Reached skill level 1 in Dodging
  1696 | D:2      | Reached XP level 5. HP: 39/52 MP: 4/4
  1895 | D:2      | Reached XP level 6. HP: 60/60 MP: 5/5
  2305 | D:3      | Found a broken altar of Ashenzari.
  2417 | D:3      | Found a blossoming altar of Fedhas.
  2424 | D:3      | Found a radiant altar of Vehumet.
  2467 | D:3      | Found a burning altar of Makhleb.
  2471 | D:3      | Found a hazy altar of Hepliaklqana.
  2472 | D:3      | Found an ornate altar of the Wu Jian Council.
  2473 | D:3      | Found a sacrificial altar of Ru.
  2575 | D:3      | Found a white marble altar of Elyvilon.
  2626 | D:3      | Found a shimmering blue altar of Sif Muna.
  3149 | D:4      | Found a staircase to the Ecumenical Temple.
  3156 | Temple   | Entered the Ecumenical Temple
  3355 | Temple   | Became a worshipper of Warmaster Okawaru
  3528 | D:4      | Got a pair of glimmering gloves
  3651 | D:4      | Found a transporter.
  3686 | D:4      | Found a transporter.
  3994 | D:5      | Entered Level 5 of the Dungeon
  4001 | D:5      | Reached XP level 7. HP: 52/67 MP: 6/6
  4391 | D:5      | Reached * piety under Okawaru
  4724 | D:5      | Reached skill level 5 in Axes
  4724 | D:5      | Reached skill level 5 in Armour
  4724 | D:5      | Reached skill level 5 in Shields
  4727 | D:5      | Reached XP level 8. HP: 56/75 MP: 7/7
  4878 | D:5      | Noticed Menkaure
  4884 | D:5      | Killed Menkaure
  5341 | D:5      | Identified the +2 pair of gloves of Greed {rPois rC- Int-4
                  | Dex+6} (You found it on level 4 of the Dungeon)
  5377 | D:6      | Found Yzihig's Assorted Antiques.
  5399 | D:6      | Found Fagausk's Weapon Shoppe.
  5405 | D:6      | Reached ** piety under Okawaru
  5416 | D:6      | Found Voecoic's Gadget Emporium.
  5464 | D:6      | Found a glowing drain.
  5479 | Sewer    | Entered a sewer
  6182 | D:6      | Bought a +0 broad axe for 52 gold pieces
  6213 | D:7      | Reached XP level 9. HP: 85/85 MP: 8/8
  6329 | D:7      | Reached skill level 10 in Fighting
  6667 | D:7      | Reached *** piety under Okawaru
  7132 | D:8      | Reached skill level 1 in Invocations
  7750 | D:8      | Reached **** piety under Okawaru
  7792 | D:8      | Found a roughly hewn altar of Beogh.
  7798 | D:8      | Reached XP level 10. HP: 57/94 MP: 11/11
  8414 | D:9      | Reached skill level 5 in Invocations
  8595 | D:9      | Noticed a two-headed ogre
  8616 | D:9      | Killed a two-headed ogre
  8707 | D:9      | Reached ***** piety under Okawaru
  8954 | D:9      | Noticed a two-headed ogre
  8965 | D:9      | Killed a two-headed ogre
  9153 | D:9      | Found Juacleukee's General Store.
  9316 | D:10     | Entered Level 10 of the Dungeon
  9444 | D:10     | Found Veus's Antique Armour Emporium.
  9500 | D:10     | Found Wozxyi's Gadget Shop.
  9539 | D:10     | Found Real's Gadget Boutique.
  9585 | D:10     | Found Hatezxib's Book Emporium.
  9742 | D:10     | Found a shimmering blue altar of Sif Muna.
  9926 | D:10     | Found Kesidaq's General Store.
  9948 | D:10     | Reached XP level 11. HP: 100/102 MP: 15/15
  9951 | D:10     | Received a gift from Okawaru
  9951 | D:10     | Reached skill level 10 in Axes
 10012 | D:10     | Bought a scarf of resistance for 544 gold pieces
 10559 | D:11     | Noticed a two-headed ogre
 10559 | D:11     | Found a flagged portal.
 10569 | D:11     | Killed a two-headed ogre
 10623 | Bailey   | Entered a bailey
 10687 | Bailey   | Received a gift from Okawaru
 11012 | Bailey   | Noticed an orc knight
 11118 | Bailey   | Killed an orc knight
 11660 | D:11     | Found a staircase to the Lair.
 11734 | D:11     | Found a staircase to the Orcish Mines.
 11750 | D:11     | Reached skill level 10 in Armour
 11893 | D:11     | Noticed Erica
 11902 | D:11     | Killed Erica
 12084 | D:12     | Noticed Fannar
 12093 | D:12     | Noticed a white ugly thing
 12101 | D:12     | Killed a white ugly thing
 12113 | D:12     | Noticed a two-headed ogre
 12118 | D:12     | Killed Fannar
 12127 | D:12     | Killed a two-headed ogre
 12127 | D:12     | Received a gift from Okawaru
 12223 | D:12     | Reached XP level 12. HP: 93/113 MP: 17/17
 12405 | D:12     | HP: 5/113 [large abomination (28)]
 13094 | D:12     | Found the +7 great mace "Firestarter" {inner flame, rF++}
 13262 | D:12     | Found Taifoent's Jewellery Emporium.
 13332 | D:12     | Received a gift from Okawaru
 13339 | D:12     | Got a pair of brightly glowing gloves {god gift}
 13350 | D:12     | Identified the +1 pair of gloves of Moru Iza {Rampage rPois
                  | rN++ Str-3} (Okawaru gifted it to you on level 12 of the
                  | Dungeon)
 14329 | Orc:1    | Entered Level 1 of the Orcish Mines
 15287 | Orc:2    | Entered Level 2 of the Orcish Mines
 15705 | Orc:2    | Noticed an ogre mage
 15705 | Orc:2    | Noticed a two-headed ogre
 15910 | Orc:1    | Killed an ogre mage
 15910 | Orc:1    | Killed a two-headed ogre
 16486 | Orc:2    | Noticed a two-headed ogre
 16630 | Orc:2    | Killed a two-headed ogre
 16867 | Orc:2    | Found a runed translucent gate.
 16867 | Orc:2    | Found a runed translucent gate.
 16867 | Orc:2    | Found a runed translucent gate.
 16868 | Orc:2    | Noticed a stone giant
 16868 | Orc:2    | Noticed a tengu warrior
 16868 | Orc:2    | Noticed a naga warrior
 16868 | Orc:2    | Noticed a merfolk javelineer
 16879 | Orc:2    | Noticed donkeybrains's ghost (journeyman DsFi)
 16879 | Orc:2    | Noticed a naga warrior
 16880 | Orc:2    | Noticed a tengu warrior
 16881 | Orc:2    | Found an iron altar of Okawaru.
 17152 | Orc:2    | Found a roughly hewn altar of Beogh.
 17163 | Orc:2    | Noticed Donald
 17195 | Orc:2    | Killed Donald
 17195 | Orc:2    | Reached XP level 13. HP: 57/125 MP: 10/18
 19405 | Lair:1   | Entered Level 1 of the Lair of Beasts
 19824 | Lair:1   | Received a gift from Okawaru
 20603 | Lair:2   | Reached skill level 15 in Fighting
 21010 | Lair:2   | You fall into a shaft and drop 1 floor!
 21022 | Lair:3   | Reached ****** piety under Okawaru
 21256 | Lair:4   | Reached skill level 5 in Dodging
 21984 | Lair:3   | Identified the Volume of Necromancy and Orientation
 22568 | Lair:2   | You fall into a shaft and drop 1 floor!
 22599 | Lair:2   | Found a staircase to the Snake Pit.
 24033 | Lair:4   | Noticed Nergalle
 24042 | Lair:4   | Killed Nergalle
 24042 | Lair:4   | Received a gift from Okawaru
 24043 | Lair:4   | Got a shimmering plate armour {god gift}
 24053 | Lair:4   | Identified the +7 plate armour "Yggoijir" {rElec rF+}
                  | (Okawaru gifted it to you on level 4 of the Lair of Beasts)
 24124 | Lair:4   | Found a staircase to the Swamp.
 24261 | Lair:4   | Identified the Tome of Igneous Evil
 24446 | Lair:4   | Reached skill level 15 in Axes
 25073 | Lair:5   | Found a frozen archway.
 25174 | IceCv    | Entered an ice cave
 25185 | IceCv    | Reached XP level 14. HP: 133/135 MP: 20/20
 25264 | IceCv    | Reached skill level 10 in Invocations
 25299 | IceCv    | Got a pitted ivory ring
 25315 | IceCv    | Identified the ring of Tender Moments {*Contam rPois MR+++
                  | rCorr Int+4} (You found it in an ice cave)
 26278 | Lair:5   | Got a coiled amber ring
 26281 | Lair:5   | Identified the ring of Spring {Fire rElec Str+6 Int-2
                  | Dex-5} (You found it on level 5 of the Lair of Beasts)
 26440 | Lair:5   | Gained mutation: Your mind is acute. (Int +2) [potion of
                  | mutation]
 26440 | Lair:5   | Gained mutation: You are resistant to hostile enchantments.
                  | (MR+) [potion of mutation]
 26440 | Lair:5   | Gained mutation: You are frail. (-10% HP) [potion of
                  | mutation]
 26440 | Lair:5   | Gained mutation: You are partially covered in slimy green
                  | scales. (AC +2) [potion of mutation]
 26441 | Lair:5   | Lost mutation: You are frail. (-10% HP) [potion of
                  | mutation]
 26441 | Lair:5   | Lost mutation: Your mind is acute. (Int +2) [potion of
                  | mutation]
 26441 | Lair:5   | Lost mutation: You are partially covered in slimy green
                  | scales. (AC +2) [potion of mutation]
 26441 | Lair:5   | Gained mutation: You occasionally shout uncontrollably at
                  | your foes. [potion of mutation]
 26441 | Lair:5   | Gained mutation: You have a pair of large horns on your
                  | head. [potion of mutation]
 26443 | Lair:5   | Lost mutation: You occasionally shout uncontrollably at
                  | your foes. [potion of mutation]
 26443 | Lair:5   | Lost mutation: You are resistant to hostile enchantments.
                  | (MR+) [potion of mutation]
 26443 | Lair:5   | Lost mutation: You have a pair of large horns on your head.
                  | [potion of mutation]
 26443 | Lair:5   | Gained mutation: You have very sharp teeth. [potion of
                  | mutation]
 26443 | Lair:5   | Gained mutation: Your muscles are strong. (Str +2) [potion
                  | of mutation]
 26444 | Lair:5   | Lost mutation: Your muscles are strong. (Str +2) [potion of
                  | mutation]
 26444 | Lair:5   | Gained mutation: You are agile. (Dex +2) [potion of
                  | mutation]
 26444 | Lair:5   | Gained mutation: You are very agile. (Dex +4) [potion of
                  | mutation]
 26444 | Lair:5   | Gained mutation: You tend to lose your temper in combat.
                  | [potion of mutation]
 26444 | Lair:5   | Gained mutation: You are robust. (+10% HP) [potion of
                  | mutation]
 26445 | Lair:5   | Lost mutation: You are robust. (+10% HP) [potion of
                  | mutation]
 26445 | Lair:5   | Lost mutation: You are very agile. (Dex +4) [potion of
                  | mutation]
 26445 | Lair:5   | Lost mutation: You are agile. (Dex +2) [potion of mutation]
 26445 | Lair:5   | Gained mutation: You are somewhat resistant to further
                  | mutation. [potion of mutation]
 26445 | Lair:5   | Gained mutation: You are resistant to hostile enchantments.
                  | (MR+) [potion of mutation]
 26446 | Lair:5   | Lost mutation: You are resistant to hostile enchantments.
                  | (MR+) [potion of mutation]
 26446 | Lair:5   | Lost mutation: You tend to lose your temper in combat.
                  | [potion of mutation]
 26618 | Lair:6   | Entered Level 6 of the Lair of Beasts
 26698 | Lair:6   | Found a staircase to the Slime Pits.
 26706 | Lair:6   | Reached skill level 10 in Shields
 27060 | Lair:6   | Received a gift from Okawaru
 28018 | Orc:2    | Found a staircase to the Elven Halls.
 28331 | Orc:2    | Found Jeati's Antique Armour Shop.
 28331 | Orc:2    | Found Kulao's Armour Shoppe.
 28333 | Orc:2    | Found Tonir's Antique Weapon Emporium.
 28335 | Orc:2    | Found Buaggud's Assorted Antiques.
 28407 | Orc:2    | Bought a tower shield for 121 gold pieces
 28449 | Orc:2    | Killed a stone giant
 28471 | Orc:2    | Killed donkeybrains's ghost
 28823 | Elf:1    | Entered Level 1 of the Elven Halls
 28845 | Elf:1    | Reached XP level 15. HP: 94/141 MP: 21/21
 28982 | Elf:1    | Received a gift from Okawaru
 29165 | Elf:1    | You fall into a shaft and drop 1 floor!
 29400 | Elf:2    | Found a runed translucent gate.
 29400 | Elf:2    | Found a runed translucent gate.
 29401 | Elf:2    | Found a runed translucent gate.
 30274 | Elf:2    | Received a gift from Okawaru
 30282 | Elf:2    | Got a pair of scorched gloves {god gift}
 30293 | Elf:2    | Identified the +2 pair of gloves of the Ward {Harm}
                  | (Okawaru gifted it to you on level 2 of the Elven Halls)
 31129 | Elf:1    | Found Juriycu's Magic Scroll Shoppe.
 31133 | Elf:1    | Bought a scroll of fear for 49 gold pieces
 31133 | Elf:1    | Bought a scroll of torment for 105 gold pieces
 31135 | Elf:1    | Identified 2 scrolls of acquirement
 31392 | Elf:1    | Reached XP level 16. HP: 152/152 MP: 22/22
 31395 | Elf:1    | Found a radiant altar of Vehumet.
 31795 | Elf:3    | Entered Level 3 of the Elven Halls
 31895 | Elf:3    | Received a gift from Okawaru
 32835 | Elf:3    | Identified the ring of Kal Jeen {rF+ Str+4 Stlth+}
 32837 | Elf:3    | Noticed a deep elf blademaster
 32839 | Elf:3    | Reached skill level 10 in Dodging
 32856 | Elf:3    | Killed a deep elf blademaster
 32856 | Elf:3    | Identified the amulet "Uxzir" {rPois Regen+ SInv}
 33177 | Elf:3    | Noticed a deep elf blademaster
 33179 | Elf:3    | Identified the +9 war axe of Cataclysm {freeze, +Blink
                  | Int+4 Dex+4}
 33189 | Elf:3    | Noticed a deep elf master archer
 33204 | Elf:3    | Killed a deep elf blademaster
 33216 | Elf:3    | Killed a ghostly deep elf blademaster
 33216 | Elf:3    | Received a gift from Okawaru
 33229 | Elf:3    | Killed a deep elf master archer
 33930 | Elf:3    | Found the +8 storm bow {elec, penet}
 34071 | Elf:3    | Noticed a deep elf master archer
 34073 | Elf:3    | Killed a deep elf master archer
 34073 | Elf:3    | Reached skill level 15 in Shields
 34282 | Elf:1    | Reached XP level 17. HP: 163/163 MP: 23/23
 34492 | D:10     | Bought an embroidered cloak for 225 gold pieces
 34492 | D:10     | Bought a runed cloak for 225 gold pieces
 34492 | D:10     | Bought a pair of runed gloves for 225 gold pieces
 34612 | D:13     | Noticed Kirke
 34621 | D:13     | Killed Kirke
 34647 | D:13     | Noticed Urug
 34656 | D:13     | Killed Urug
 35090 | D:14     | Received a gift from Okawaru
 35100 | D:14     | Reached skill level 15 in Armour
 35100 | D:14     | Reached XP level 18. HP: 172/172 MP: 24/24
 35162 | D:14     | Found a blossoming altar of Fedhas.
 35244 | D:14     | Found Gahap's Antique Armour Emporium.
 35536 | D:14     | Found a gate to the Vaults.
 35812 | D:15     | Entered Level 15 of the Dungeon
 36078 | D:15     | Found a staircase to the Depths.
 36645 | Snake:1  | Entered Level 1 of the Snake Pit
 36734 | Snake:1  | Noticed Jorgrun
 36745 | Snake:1  | Killed Jorgrun
 37063 | Snake:1  | Found a runed translucent gate.
 37063 | Snake:1  | Found a runed translucent gate.
 37067 | Snake:1  | Found a runed translucent gate.
 37067 | Snake:1  | Noticed Efeterghoju's ghost (adept GnCj)
 37097 | Snake:1  | Killed Efeterghoju's ghost
 37364 | Snake:2  | Received a gift from Okawaru
 38975 | Snake:3  | Received a gift from Okawaru
 39105 | Snake:3  | Found Ydurhee's Jewellery Shop.
 39106 | Snake:3  | Found Inats's Book Boutique.
 39106 | Snake:3  | Found Baleck's Book Shop.
 39109 | Snake:3  | Found Bitooxeo's Distillery.
 39117 | Snake:3  | Bought a potion of haste for 140 gold pieces
 39117 | Snake:3  | Bought a potion of invisibility for 112 gold pieces
 39376 | Snake:4  | Entered Level 4 of the Snake Pit
 39376 | Snake:4  | Found a glowing golden altar of the Shining One.
 39429 | Snake:4  | Reached XP level 19. HP: 151/183 MP: 25/25
 40305 | Snake:4  | Received a gift from Okawaru
 40314 | Snake:4  | Got a pitted kite shield {god gift}
 40324 | Snake:4  | Identified the +2 kite shield of a ziggurat {rF+ rN+ Str-2
                  | Int+3} (Okawaru gifted it to you on level 4 of the Snake
                  | Pit)
 40474 | Snake:4  | Got a serpentine rune of Zot
 41106 | Snake:3  | Got a jewelled plate armour {god gift}
 41116 | Snake:3  | Identified the +6 plate armour "Namidin" {rPois} (Okawaru
                  | gifted it to you on level 3 of the Snake Pit)
 41297 | Swamp:1  | Entered Level 1 of the Swamp
 41892 | Swamp:1  | Found a runed translucent door.
 42046 | Swamp:1  | Got a bloodstained falchion
 42046 | Swamp:1  | Identified the +7 falchion of the Dwarven Hall {flame,
                  | Str+2} (You found it on level 1 of the Swamp)
 42320 | Swamp:2  | Noticed Nikola
 42332 | Swamp:2  | Killed Nikola
 42332 | Swamp:2  | Received a gift from Okawaru
 42441 | Swamp:2  | Noticed Louise
 42472 | Swamp:2  | Killed Louise
 43141 | Swamp:3  | Reached XP level 20. HP: 176/195 MP: 26/26
 43305 | Swamp:3  | Noticed Bai Suzhen
 43338 | Swamp:3  | Killed Bai Suzhen
 43962 | Swamp:4  | Entered Level 4 of the Swamp
 43996 | Swamp:4  | Received a gift from Okawaru
 43997 | Swamp:4  | Found the +8 longbow "Zephyr" {speed, Dex+3 SInv}
 44351 | Swamp:4  | Got a decaying rune of Zot
 44484 | Swamp:4  | Got a coiled turquoise ring
 44748 | Swamp:4  | Identified the ring "Ymac" {+Inv rElec MR+ Str+7 Dex-4}
                  | (You found it on level 4 of the Swamp)
 44973 | Snake:2  | Identified the +9 hand axe "Zaulawuusi" {vorpal, rElec
                  | Str+7} (Okawaru gifted it to you on level 2 of the Snake
                  | Pit)
 44994 | Snake:2  | Acquired 726 gold pieces
 45002 | Snake:2  | Acquired 1021 gold pieces
 45003 | Snake:2  | Acquired 1032 gold pieces
 45185 | Vaults:1 | Entered Level 1 of the Vaults
 45246 | Vaults:1 | Received a gift from Okawaru
 45251 | Vaults:1 | Got a fine cloak {god gift}
 45261 | Vaults:1 | Identified the +1 cloak of Okawaru's Regard {rPois Str+4}
                  | (Okawaru gifted it to you on level 1 of the Vaults)
 45849 | Vaults:1 | Found a roughly hewn altar of Beogh.
 46510 | Vaults:2 | You fall into a shaft and drop 1 floor!
 46599 | Vaults:3 | Found Pato's Book Shop.
 46960 | Vaults:3 | Noticed Sojobo
 47002 | Vaults:3 | Killed Sojobo
 47241 | Vaults:3 | Found a staircase to the Crypt.
 47260 | Vaults:3 | Received a gift from Okawaru
 47301 | Vaults:3 | Reached XP level 21. HP: 118/205 MP: 27/27
 47835 | Vaults:3 | Received a gift from Okawaru
 48202 | Vaults:3 | Acquired 888 gold pieces
 48203 | Vaults:3 | Acquired the +0 pair of fencer's gloves {Riposte Dex+3}
 48204 | Vaults:3 | Found the +0 pair of fencer's gloves {Riposte Dex+3}
 49464 | Vaults:5 | Entered Level 5 of the Vaults
 49470 | Vaults:5 | Received a gift from Okawaru
 49717 | Vaults:5 | Reached XP level 22. HP: 212/217 MP: 28/28
 50011 | Vaults:5 | Received a gift from Okawaru
 50587 | Vaults:5 | Got a silver rune of Zot
 50612 | Vaults:5 | Noticed an ancient lich
 51257 | Vaults:5 | Killed an ancient lich
 51261 | Vaults:5 | Noticed a golden dragon
 51323 | Vaults:5 | Killed a golden dragon
 51323 | Vaults:5 | Received a gift from Okawaru
 51329 | Vaults:5 | Received a gift from Okawaru
 51574 | Vaults:5 | Received a gift from Okawaru
 51975 | Vaults:2 | Got a slimy pewter ring
 51976 | Vaults:2 | Identified the ring of Ajeunk {rF+ Str+3 Stlth-} (You found
                  | it on level 2 of the Vaults)
 52083 | Vaults:2 | Identified Sif Muna's Papyrus of Feathers
 52267 | Vaults:2 | Reached XP level 23. HP: 227/227 MP: 29/29
 52632 | Vaults:2 | Found a portal to a secret trove of treasure.
 53143 | Crypt:1  | Entered Level 1 of the Crypt
 54396 | Crypt:2  | Received a gift from Okawaru
 54689 | Crypt:2  | Noticed Boris
 54702 | Crypt:2  | Killed Boris
 55036 | Crypt:3  | Entered Level 3 of the Crypt
 55512 | Crypt:3  | Received a gift from Okawaru
 55742 | Crypt:3  | Reached skill level 15 in Dodging
 55854 | Crypt:3  | Found an ancient bone altar of Kikubaaqudgha.
 55882 | Crypt:3  | Found the +8 demon blade "Leech" {vamp, *Rage +Rage rN+}
 55898 | Crypt:3  | Noticed an ancient lich
 55914 | Crypt:3  | Killed an ancient lich
 56244 | Crypt:3  | Reached XP level 24. HP: 236/236 MP: 29/29
 56267 | Crypt:3  | Found a staircase to the Tomb.
 56268 | Crypt:3  | Found the +10 dark maul {vorpal}
 56291 | Crypt:3  | Identified the amulet of the Curious Blessings {Reflect
                  | rElec MR- Str+5 SH+5 Stlth+} (You found it on level 3 of
                  | the Crypt)
 56591 | Crypt:3  | Identified Acischaoc's Tome of Darkness and Summoning
 57042 | Tomb:1   | Entered Level 1 of the Tomb of the Ancients
 57066 | Tomb:1   | Noticed Boris
 57090 | Tomb:1   | Killed Boris
 57676 | Tomb:1   | Received a gift from Okawaru
 59018 | Tomb:1   | Noticed a greater mummy
 59018 | Tomb:1   | Noticed a greater mummy
 59738 | Tomb:1   | Killed a greater mummy
 59786 | Tomb:1   | Killed a greater mummy
 61209 | Depths:1 | Entered Level 1 of the Depths
 61218 | Depths:1 | Found a one-way gate leading to the halls of Pandemonium.
 61364 | Depths:1 | Received a gift from Okawaru
 61385 | Depths:1 | Noticed Boris
 61415 | Depths:1 | Killed Boris
 61696 | Depths:1 | Found an iron altar of Okawaru.
 61937 | Depths:1 | Found a gateway to Hell.
 62233 | Depths:2 | Found a shimmering blue altar of Sif Muna.
 62234 | Depths:2 | Found a blossoming altar of Fedhas.
 62234 | Depths:2 | Found an opulent altar of Gozag.
 62234 | Depths:2 | Found a one-way gate to the infinite horrors of the Abyss.
 62596 | Depths:2 | Received a gift from Okawaru
 62605 | Depths:2 | Identified the +1 crystal plate armour "Wixku" {rN+ Dex+2}
                  | (Okawaru gifted it to you on level 2 of the Depths)
 62815 | Depths:2 | Reached XP level 25. HP: 250/250 MP: 29/29
 63438 | Depths:2 | Identified the ring "Kimauc" {rPois rF+ rC+ MR+ Stlth+}
 63516 | Depths:2 | Identified Tatupousee's Collected Works on Conjuration
 63652 | Depths:2 | Paralysed by a floating eye for 3 turns
 64038 | Depths:3 | Received a gift from Okawaru
 64041 | Depths:3 | Reached skill level 27 in Fighting
 64595 | Depths:3 | Received a gift from Okawaru
 64881 | Depths:4 | Noticed Frederick
 64891 | Depths:4 | Killed Frederick
 65605 | Depths:5 | Entered Level 5 of the Depths
 65623 | Depths:5 | Reached XP level 26. HP: 263/263 MP: 29/29
 66005 | Depths:5 | Found Poitram's Book Emporium.
 66059 | Depths:5 | Found a gateway to a ziggurat.
 66990 | Depths:5 | Received a gift from Okawaru
 67025 | Depths:5 | Found a gate to the Realm of Zot.
 68219 | Slime:1  | Entered Level 1 of the Pits of Slime
 68431 | Slime:5  | Entered Level 5 of the Pits of Slime
 68456 | Slime:5  | Received a gift from Okawaru
 68542 | Slime:5  | Noticed the Royal Jelly
 68562 | Slime:5  | Killed the Royal Jelly
 68838 | Slime:5  | Got a slimy rune of Zot
 68840 | Slime:5  | Got a scorched wooden ring
 68841 | Slime:5  | Identified the ring of Yesterday {Fire rPois} (You found it
                  | on level 5 of the Pits of Slime)
 68938 | Slime:5  | Got a pair of steaming gloves
 69109 | Lair:6   | Identified the +0 pair of gloves "Efaukh" {-Tele Rampage
                  | rF++ Dex+4} (You found it on level 5 of the Pits of Slime)
 69583 | Zot:1    | Entered Level 1 of the Realm of Zot
 69983 | Zot:1    | Received a gift from Okawaru
 69999 | Zot:1    | Reached skill level 27 in Axes
 70004 | Zot:1    | Reached XP level 27. HP: 254/264 MP: 29/29
 70508 | Zot:2    | Identified the +4 dragonskin cloak
 70508 | Zot:2    | Noticed Tiamat
 70551 | Zot:2    | Killed Tiamat
 71153 | Zot:3    | Received a gift from Okawaru
 71519 | Zot:3    | Noticed an orb of fire
 71534 | Zot:3    | Killed an orb of fire
 71717 | Zot:3    | Received a gift from Okawaru
 73073 | Zot:4    | Noticed an orb of fire
 73084 | Zot:4    | Gained mutation: Your spells are a little easier to cast,
                  | but a little less powerful. [an orb of fire]
 73087 | Zot:4    | Killed an orb of fire
 74009 | Zig:1    | Entered Level 1 of a ziggurat
 74015 | Zig:1    | Received a gift from Okawaru
 74016 | Zig:1    | Identified the -1 cloak of the Twelve Quests {rCorr}
                  | (Okawaru gifted it to you on level 1 of a ziggurat)
 74026 | Zig:2    | Entered Level 2 of a ziggurat
 74036 | Zig:3    | Entered Level 3 of a ziggurat
 74036 | Zig:3    | Noticed Onyinwygh the pandemonium lord
 74052 | Zig:3    | Killed Onyinwygh the pandemonium lord
 74199 | Zig:4    | Entered Level 4 of a ziggurat
 74213 | Zig:4    | Reached skill level 27 in Shields
 74218 | Zig:4    | Got a steaming glass ring
 74219 | Zig:4    | Identified the ring "Testrab" {*Tele rF- rN+ MR+} (You
                  | found it on level 4 of a ziggurat)
 74279 | Zig:5    | Entered Level 5 of a ziggurat
 74339 | Zig:5    | Reached skill level 5 in Unarmed Combat
 74341 | Zig:6    | Entered Level 6 of a ziggurat
 74881 | Zig:6    | Got a brightly glowing tin ring
 74882 | Zig:6    | Identified the ring of Entahurph {rPois Dex+6} (You found
                  | it on level 6 of a ziggurat)
 74891 | Zig:7    | Entered Level 7 of a ziggurat
 75025 | Zig:7    | Identified Heyhogeme's Papyrus of the Blaze and Ice
 75029 | Zig:7    | Got a wavering ivory amulet
 75047 | Zig:7    | Identified the amulet of Wonder {Spirit +Inv rElec rPois
                  | Str-5} (You found it on level 7 of a ziggurat)
 75055 | Zig:8    | Entered Level 8 of a ziggurat
 75061 | Zig:8    | Noticed a juggernaut
 75078 | Zig:8    | Killed a juggernaut
 75140 | Zig:9    | Entered Level 9 of a ziggurat
 75172 | Zig:9    | Found the +8 trident of the Octopus King {venom, rElec
                  | rPois MR+}
 75692 | Zig:9    | Identified the Catalogue of Torrid Summoning
 75706 | Zig:10   | Entered Level 10 of a ziggurat
 75733 | Zig:10   | Found the +2 robe of Vines {NoPotionHeal Regen+7}
 76135 | Zig:10   | Identified the ring of the Hungering Pariah {rPois MR++}
                  | (You found it on level 10 of a ziggurat)
 76151 | Zig:11   | Entered Level 11 of a ziggurat
 76161 | Zig:11   | Received a gift from Okawaru
 76370 | Zig:11   | Identified the +5 mace "Soosut" {freeze, *Noise rPois rC+
                  | Int+4} (You found it on level 11 of a ziggurat)
 78088 | Snake:4  | Fell from the grace of Okawaru
 78088 | Snake:4  | Became a worshipper of the Shining One
 79768 | Hell     | Entered the Vestibule of Hell
 79768 | Hell     | Noticed Geryon
 79778 | Hell     | Killed Geryon
 79778 | Hell     | Reached * piety under the Shining One
 79793 | Hell     | Reached ** piety under the Shining One
 79797 | Hell     | Cast into level 3 of the Abyss (reaper)
 79963 | Abyss:4  | Found an iron altar of Okawaru.
 79968 | Hell     | Escaped the Abyss
 80008 | Hell     | Reached *** piety under the Shining One
 80062 | Hell     | Found a gateway to the decaying netherworld of Tartarus.
 80102 | Hell     | Reached **** piety under the Shining One
 80123 | Hell     | Found a gateway to the freezing wastes of Cocytus.
 80275 | Hell     | Found a gateway to the Iron City of Dis.
 80406 | Hell     | Found a gateway to the ashen valley of Gehenna.
 80413 | Hell     | Reached ***** piety under the Shining One
 80639 | Tar:1    | Entered Level 1 of Tartarus
 80829 | Tar:1    | Reached ****** piety under the Shining One
 80847 | Tar:1    | Identified a +9 broad axe of holy wrath (a +9 broad axe of
                  | flaming blessed by the Shining One)
 80847 | Tar:1    | Received a gift from the Shining One
 81845 | D:14     | Bought a pair of runed gloves for 217 gold pieces
 81845 | D:14     | Bought a pair of glowing gloves for 217 gold pieces
 82305 | Tar:2    | Reached skill level 1 in Evocations
 84802 | Tar:3    | Reached skill level 27 in Armour
 85001 | Tar:3    | Reached skill level 5 in Evocations
 85655 | Tar:7    | Entered Level 7 of Tartarus
 85779 | Tar:7    | Noticed Ereshkigal
 85796 | Tar:7    | Killed Ereshkigal
 85796 | Tar:7    | Reached skill level 15 in Invocations
 85938 | Tar:7    | Identified the +0 rapier of Ruination {freeze, rPois} (You
                  | found it on level 7 of Tartarus)
 86092 | Tar:7    | Got a bone rune of Zot
 86215 | Dis:1    | Entered Level 1 of the Iron City of Dis
 86256 | Dis:1    | Reached skill level 10 in Evocations
 86394 | Dis:1    | Was forgiven by Okawaru
 86508 | Dis:1    | Found a burning altar of Makhleb.
 87093 | Dis:7    | Entered Level 7 of the Iron City of Dis
 88157 | Dis:7    | Identified the +4 staff of Dispater
 88157 | Dis:7    | Noticed Dispater
 88180 | Dis:7    | Killed Dispater
 88427 | Dis:7    | Identified the +7 broad axe of Fopo {protect, Str+9 Int+5}
                  | (You found it on level 7 of the Iron City of Dis)
 88433 | Dis:7    | Got an iron rune of Zot
 88436 | Dis:7    | Identified the +9 broad axe of Laceration {protect, Dex+2}
                  | (You found it on level 7 of the Iron City of Dis)
 88704 | Coc:1    | Entered Level 1 of Cocytus
 89659 | Coc:4    | Noticed an ancient lich
 89670 | Coc:4    | Killed an ancient lich
 90458 | Coc:7    | Entered Level 7 of Cocytus
 90992 | Coc:7    | Noticed Antaeus
 91039 | Coc:7    | Killed Antaeus
 91131 | Coc:7    | Got an icy rune of Zot
 91337 | Geh:1    | Entered Level 1 of Gehenna
 92343 | Geh:7    | Entered Level 7 of Gehenna
 92891 | Geh:7    | Identified the +7 sceptre of Asmodeus
 92891 | Geh:7    | Noticed Asmodeus
 92917 | Geh:7    | Killed Asmodeus
 92963 | Geh:7    | Got an obsidian rune of Zot
 93375 | Depths:2 | Voluntarily entered the Abyss.
 93600 | Abyss:2  | Found a corrupted altar of Lugonu.
 93961 | Abyss:2  | Identified the +9 rapier "Xeragizi" {flame, rElec Str+2}
 94166 | Abyss:4  | Got an abyssal rune of Zot
 94190 | Depths:2 | Escaped the Abyss
 94363 | Pan      | Entered Pandemonium
 94378 | Pan      | Noticed Hokot the pandemonium lord
 94389 | Pan      | Killed Hokot the pandemonium lord
 94394 | Pan      | HP: 4/273 [hellion/damnation (13)]
 94394 | Pan      | Killed from afar by a hellion

Illustrated notes

Levels and vault maps discovered:
D:1:      minmay_arrival_four_circles, layout_basic, supply_closet_lemuel
D:2:      layout_basic, bloody_trog, lemuel_crystal_altar, uniq_sigmund
D:3:      layout_basic, cheibrodos_ashenzari_chains, elyvilon_altar_5,
          lemuel_crystal_altar, lemuel_crystal_altar,
          chequers_temple_overflow_statue_of_worship, fedhas_ov_isle_minmay
D:4:      gammafunk_wand_slinger, layout_basic, minmay_temple_entry_ruins,
          minmay_liquid_box
D:5:      layout_loops_cross, uniq_menkaure
D:6:      layout_rooms, serial_shops, shop_fountains, shop_fountains,
          nicolae_shop_stone, portal_sewer_entry_a
D:7:      layout_loops_ring
D:8:      layout_loops_ring, special_room [special_room_orc]
D:9:      layout_rooms, serial_shops, nicolae_shop_trees, blue_anna_alchemist
          [blue_anna_fruit_fields, blue_anna_fruit_fields]
D:10:     layout_long_grid, serial_shops, shop, shop, shop, shop_fountains,
          kennysheep_mini_moat, grunt_ministairs_5, lemuel_blue_sif_altar
D:11:     layout_irregular_city, dpeg_oklobed_lair, orc_0_dummy, enter_bailey_3,
          uniq_erica
D:12:     layout_cave_pools, serial_shops, nicolae_shop_waterfront, laboratory,
          uniq_fannar
D:13:     layout_cave_pools, minivault_22, uniq_kirke, uniq_urug
D:14:     layout_basic, david_vaults_5, serial_shops, shop, lemuel_crystal_altar
D:15:     grunt_enter_depths_snipers, layout_rooms, hex_intersection
Temple:   minmay_temple_bridge_abc
Lair:1:   layout_gridlike, chequers_serial_rivers_small_a, grunt_megastairs_3
Lair:2:   layout_cave_pods, minmay_snake_entry_six_corridors,
          infiniplex_staircase_pool, serial_bayou_shore_a
Lair:3:   layout_regular_city, infiniplex_staircase_pool_2
Lair:4:   statuecave_lemuel, layout_cave_pods,
          nicolae_swamp_entry_splash_gauntlet, uniq_nergalle
Lair:5:   layout_gridlike, portal_ice_cave_entry_animals_and_master,
          minivault_25, roderic_batcave, minivault_11,
          chequers_serial_rivers_room_a, serial_bayou_pond_d,
          minmay_lair_oklob_chamber
Lair:6:   hangedman_lair_tendril_chambers, layout_regular_city,
          nicolae_slime_entry_slimehenge
Swamp:1:  gammafunk_mikee_crab_dinner, layout_falls_marsh,
          evilmike_swamp_ruin_house_1, swamp_pool1
Swamp:2:  layout_basic_swamp, evilmike_swamp_ruin_house_4, swamp_pool2,
          uniq_louise, uniq_nikola
Swamp:3:  layout_basic_swamp, hangedman_swamp_lotus, uniq_bai_suzhen
Swamp:4:  swamp_alternative, layout_basic_swamp
Snake:1:  layout_rooms, ebering_ghost_rock_garden, uniq_jorgrun
Snake:2:  layout_chambers
Snake:3:  layout_grid_shapes, fake_guardian_serpent_vault, minmay_shoptagon
Snake:4:  snake_pit_salamanders_mu, layout_gridlike, grunt_ministairs_6,
          lemuel_altar_in_water2
Slime:1:  layout_caves
Slime:2:  layout_caves
Slime:3:  layout_caves
Slime:4:  layout_caves, nicolae_slime_barrier
Slime:5
Orc:1:    layout_diamond_mine, mines2_lemuel
Orc:2:    st_orc_rangers, layout_diamond_mine, gammafunk_ghost_fury_of_okawaru,
          basic_altar, uniq_donald
Elf:1:    eino_elf_arrival_customs, layout_loops_cross, serial_shops, shop,
          basic_altar
Elf:2:    layout_geoelf_octagon
Elf:3:    elf_hall_gauntlet_narrow, layout_loops_ring
Vaults:1: hangedman_vaults_cutoff, special_room_vaults [special_room_orc],
          nicolae_vaults_three_branches, v_misc_12,
          nicolae_vaults_ninety_degrees, vaults_room_octagon,
          nicolae_vaults_rhombus_7, nicolae_vaults_little_ls, vaults_dpeg_doors,
          serial_ice_m, layout_vaults_omnibox
Vaults:2: nicolae_vaults_big_angled_halls, vaults_room_hangedman_quadrants,
          nicolae_vaults_little_squares_5, nicolae_vaults_yaktaur_gun_rack,
          grunt_vaults_bifocal, ontoclasm_vaults_eye, vaults_dpeg_encased_lava,
          nicolae_vaults_circle_grid_a, nicolae_vaults_little_squares_1,
          v_rooms_1, hangedman_vaults_corner, v_alt_pattern_3,
          grunt_vaults_focal, layout_vaults_ring, nicolae_trove_entry_columns
Vaults:3: ontoclasm_vaults_claustrophobia, hangedman_vaults_nodes,
          vaults_mumra_minichess, nicolae_vaults_diagonal_hallway_8,
          hangedman_vaults_snaps, st_diamondy, ontoclasm_vaults_bender,
          vaults_room_fancy_cross, serial_ice_g, vaults_mumra_chevron,
          nicolae_vaults_ring_of_whatevers, vaults_room_pools, vaults_mumra_hex,
          vaults_room_fours, layout_vaults_big_room, serial_shops, shop,
          uniq_sojobo
Vaults:4: v_misc_12, hangedman_vaults_hat, v_misc_10, v_pattern_2,
          grunt_vaults_hallway_short, nicolae_vaults_meeting,
          grunt_vaults_hallway_long, hangedman_vaults_restitches,
          ontoclasm_vaults_hangar, vaults_standard_mumra_lines,
          vaults_room_pool, nicolae_vaults_circle_grid_a, nicolae_vaults_theta,
          layout_vaults_maze_snakey
Vaults:5
Crypt:1:  layout_regular_city, st_stairs_4, grunt_crypt_arrival_guarded_gate,
          grunt_megastairs_2
Crypt:2:  layout_basic, uniq_boris
Crypt:3:  quadcrypt_mu
Tomb:1
Depths:1: layout_basic, minmay_misc_feat_more_columns, pan_entry,
          pf_coc_iceberg, okawaru_ov_weapons_minmay
Depths:2: hangedman_slaughterboxes, hell_entry, abyss_entry
Depths:3: minmay_containers, layout_gridville, minmay_misc_feat_encased,
          hell_entry, grunt_pan_entry_spiral
Depths:4: impenetrable_vault, layout_long_grid, hell_entry,
          minmay_misc_feat_cross, abyss_entry, infiniplex_staircase_zigzag_4,
          uniq_frederick
Depths:5: lemuel_castle_with_subvaults [lemuel_castle_interior_carwin_2],
          layout_long_grid, enter_ziggurat_a, serial_shops, shop, hex_medium,
          hell_entry
Hell
Dis:1:    kennysheep_iron_temple, layout_chaotic_city, hangedman_dis_chains
Dis:2:    layout_chaotic_city, nrook_loot_triangle,
          nicolae_dis_lava_storage_tank, hangedman_dis_decor_tower
Dis:3:    layout_subdivisions
Dis:4:    layout_subdivisions, not_door_vault_mu
Dis:5:    layout_chaotic_city
Dis:6:    layout_chaotic_city
Dis:7:    iron_city_of_dis [dis_mu, dis_wall_5], layout_chaotic_city
Geh:1:    layout_gehenna_lava_caves
Geh:2:    layout_gehenna_pools_box
Geh:3:    layout_gehenna_pools_basic
Geh:4:    layout_gehenna_pools_triple
Geh:5:    layout_gehenna_pools_box, grunt_megastairs_1
Geh:6:    layout_gehenna_lava_caves
Geh:7:    evilmike_geh
Coc:1:    layout_ice_bergs
Coc:2:    layout_ice_bergs
Coc:3:    layout_ice_bergs
Coc:4:    layout_ice_bergs, special_room [special_room_morgue]
Coc:5:    layout_cocytus_water_paths
Coc:6:    layout_ice_bergs, serial_ice, serial_ice_o
Coc:7:    coc_grunt
Tar:1:    layout_grid_maze
Tar:2:    layout_grid_maze
Tar:3:    layout_grid_maze
Tar:4:    layout_honeycomb
Tar:5:    layout_catacombs, nicolae_tar_cuneiform_city,
          nicolae_tar_cuneiform_two
Tar:6:    layout_honeycomb
Tar:7:    tar_grunt_cathedral
Zot:1:    layout_cellular_growth
Zot:2:    layout_misc_corridors, grunt_ministairs_11, st_stairs_1, uniq_tiamat
Zot:3:    layout_gridlike, lemuel_flame_loot_1, grunt_megastairs_4
Zot:4:    layout_basic
Pan:      regret_index_pan_draining_boxed, layout_basic, reaverb_pan_squares,
          lemuel_hellion_island, layout_grid_shapes

Skill      XL: |  1  2  3  4  5  6  7  8  9 10 11 12 13 14 15 16 17 18 19 20 21 22 23 24 25 26 27 |
---------------+----------------------------------------------------------------------------------+-----
Fighting       | 4 5 6 7 8 9 10 11 12 14 15 16 17 18 19 20 21 22 23 24 26 27 | 27.0
Armour         | 4 5 6 7 9 10 12 13 14 15 16 18 19 20 22 27 | 27.0
Dodging        | 1 2 3 4 6 8 9 10 11 12 13 14 15 23 | 23.8
Shields        | 4 5 6 7 8 13 15 16 18 20 21 22 23 25 27 | 27.0
Axes           | 4 5 7 8 9 11 13 15 16 18 19 20 21 23 24 27 | 27.0
Invocations    | 3 7 9 10 25 | 25.7
Unarmed Combat | 7 |  7.0
Evocations     | 10 | 10.0

Action                   |  1- 3 |  4- 6 |  7- 9 | 10-12 | 13-15 | 16-18 | 19-21 | 22-24 | 25-27 || total
-------------------------+-------+-------+-------+-------+-------+-------+-------+-------+-------++-------
Melee: War axe           |    54 |   112 |    98 |       |       |   232 |       |       |       ||   496
       Headbutt          |     8 |    11 |    93 |   230 |   224 |   213 |   361 |   450 |  1426 ||  3016
       Hand axe          |       |       |   278 |   729 |       |       |       |       |       ||  1007
       Broad axe         |       |       |       |    68 |  1106 |   626 |  1491 |  1598 |  4575 ||  9464
       Mace              |       |       |       |       |    13 |       |       |       |       ||    13
       Bite              |       |       |       |       |    64 |   115 |   198 |   261 |   778 ||  1416
       Eveningstar       |       |       |       |       |       |       |    16 |       |       ||    16
Invok: Heroism           |       |       |       |     5 |     3 |     1 |     6 |     6 |     3 ||    24
       Finesse           |       |       |       |     4 |     2 |     1 |     4 |     2 |    11 ||    24
       Cleansing Flame   |       |       |       |       |       |       |       |       |    15 ||    15
       Summon Divine War |       |       |       |       |       |       |       |       |     8 ||     8
       Divine Shield     |       |       |       |       |       |       |       |       |     5 ||     5
       Brand Weapon With |       |       |       |       |       |       |       |       |     1 ||     1
Evoke: Wand              |       |       |       |       |       |       |       |     1 |       ||     1
  Use: Scroll            |       |       |     9 |     3 |    13 |    10 |    12 |    25 |    33 ||   105
       Potion            |       |       |       |     2 |     6 |     2 |       |     1 |    13 ||    24
 Stab: Distracted        |       |       |       |       |     2 |       |       |     2 |       ||     4
       Confused          |       |       |       |       |       |       |     4 |       |     2 ||     6
Armor: Scale mail        |    32 |    50 |    79 |       |       |       |       |       |       ||   161
       Plate armour      |       |       |    34 |   332 |   508 |   212 |   588 |   422 |       ||  2096
       Crystal plate arm |       |       |       |       |       |       |       |     5 |       ||     5
       Gold dragon scale |       |       |       |       |       |       |       |       |  1099 ||  1099
Dodge: Dodged            |    27 |    35 |    93 |   158 |   278 |   141 |   439 |   320 |   930 ||  2421
Block: Kite shield       |    26 |    55 |   161 |   404 |   443 |       |   835 |   567 |       ||  2491
       Tower shield      |       |       |       |       |   245 |   707 |   413 |   675 |  4508 ||  6548
       Reflection        |       |       |       |       |     2 |    21 |       |    17 |   140 ||   180
       Other             |       |       |       |       |       |       |       |     5 |       ||     5
       Rpst.: Broad axe  |       |       |       |       |       |       |       |       |    56 ||    56

Table legend: (Time is in decaauts)
 A = Elapsed time spent in this place.
 B = Non-inter-level travel time spent in this place.
 C = Inter-level travel time spent in this place.
 D = Time resting spent in this place.
 E = Time spent auto-exploring this place.
 F = Levels seen in this place.
 G = Mean time per level.
                   A        B        C        D        E       F      G
               +--------+--------+--------+--------+--------+-----+--------+
         Total |  92240 |  82882 |   9358 |  19976 |  44837 | 109 |  846.2 |
       Dungeon |  16927 |  14815 |   2112 |   2007 |  10245 |  15 | 1128.5 |
        Temple |    220 |    184 |     36 |      0 |    183 |   1 |  220.0 |
          Lair |   9041 |   7796 |   1245 |   1463 |   5396 |   6 | 1506.8 |
         Swamp |   3631 |   3316 |    315 |    451 |   2235 |   4 |  907.8 |
     Snake Pit |   4701 |   4146 |    555 |    129 |   3035 |   4 | 1175.2 |
    Slime Pits |    836 |    836 |      0 |    403 |    141 |   5 |  167.2 |
  Orcish Mines |   5577 |   5369 |    208 |   3551 |   1143 |   2 | 2788.5 |
   Elven Halls |   5408 |   5210 |    198 |   1505 |   2613 |   3 | 1802.7 |
        Vaults |   8034 |   7277 |    757 |   1180 |   4584 |   5 | 1606.8 |
         Crypt |   5865 |   4649 |   1216 |   1154 |   2666 |   3 | 1955.0 |
          Tomb |   3646 |   3198 |    448 |   1714 |    758 |   1 | 3646.0 |
        Depths |   7408 |   6176 |   1232 |    629 |   4366 |   5 | 1481.6 |
          Hell |   3035 |   2773 |    262 |   2103 |    268 |   1 | 3035.0 |
           Dis |   2212 |   2052 |    160 |    480 |    518 |   7 |  316.0 |
       Gehenna |   1773 |   1671 |    102 |    144 |    832 |   7 |  253.3 |
       Cocytus |   2532 |   2361 |    171 |    477 |    347 |   7 |  361.7 |
      Tartarus |   2617 |   2436 |    181 |    416 |   1059 |   7 |  373.9 |
           Zot |   4191 |   4038 |    153 |    533 |   2773 |   4 | 1047.8 |
         Abyss |    946 |    946 |      0 |     73 |    438 |   6 |  157.7 |
   Pandemonium |     27 |     27 |      0 |      0 |      0 |   2 |   13.5 |
      Ziggurat |   2270 |   2270 |      0 |   1247 |    630 |  11 |  206.4 |
         Sewer |    406 |    406 |      0 |      0 |    222 |   1 |  406.0 |
        Bailey |    765 |    765 |      0 |    313 |    329 |   1 |  765.0 |
      Ice Cave |    159 |    159 |      0 |      0 |     53 |   1 |  159.0 |
               +--------+--------+--------+--------+--------+-----+--------+

Top non-repeatable levels by time:
 Crypt:3: 3734 daAuts
  Tomb:1: 3646 daAuts
    Hell: 3035 daAuts
   Orc:1: 2875 daAuts
   Orc:2: 2702 daAuts
Depths:5: 2261 daAuts
    D:12: 2242 daAuts
Vaults:4: 2214 daAuts
Depths:2: 2144 daAuts
   Elf:3: 2140 daAuts
   Elf:2: 2037 daAuts
  Lair:3: 1844 daAuts
Vaults:3: 1840 daAuts
    D:11: 1798 daAuts
  Lair:4: 1775 daAuts
